AoeStats
← chartotu19

Arabia

507188470Analyzed
3v3 RM · 15d ago on Sep 17, 2026· 53m 36s· 6 players
Game mode
Random Map
Map size
Normal (6 player)
Population
200
Speed
Normal
Resources
Standard
Victory
Conquest
Starting age
Dark Age
Ending age
Imperial Age
RankedLock teamsTeams togetherTeam positionsShared explorationLock speedFull tech treeHidden civsTurbo modeCheats
Victory
Defeat
🇨🇦 Mongols · Canada
722
+15
🇨🇦 Vietnamese · Canada
711
+15
🇨🇦 Franks · Canada
639
+18
🇺🇸 Huns · United States
760
-18
🇨🇱 Chinese · Chile
668
-15
🇧🇷 Hindustanis · Brazil
665
-15
chartotu19
11:42 Feudal Age
12:23 Double-Bit Axe
12:23 Horse Collar
20:32 Wheelbarrow
20:10 Forging
24:06 Castle Age
23:18 Bloodlines
24:55 Forging
24:36 Fletching
24:46 Padded Archer Armor
26:22 Bodkin Arrow
26:39 Bow Saw
26:50 Pikeman
29:00 Heavy Plow
29:24 Leather Archer Armor
29:44 Iron Casting
33:18 Gold Mining
33:20 Stone Mining
34:38 Scale Barding Armor
40:40 Imperial Age
39:27 Gold Shaft Mining
39:27 Stone Shaft Mining
39:12 Hand Cart
40:36 Chain Barding Armor
41:18 Cavalier
42:00 Husbandry
43:13 Blast Furnace
44:13 Conscription
yurib
9:46 Feudal Age
10:16 Double-Bit Axe
14:44 Horse Collar
19:24 Wheelbarrow
19:30 Fletching
21:21 Arson
21:43 Padded Archer Armor
22:41 Gold Mining
25:32 Castle Age
25:48 Forging
25:46 Scale Barding Armor
26:28 Bow Saw
25:40 Elite Skirmisher
26:41 Heavy Plow
28:40 Hand Cart
27:50 Light Cavalry
29:14 Husbandry
29:18 Stone Mining
30:28 Pikeman
31:22 Thumb Ring
32:28 Squires
32:53 Bloodlines
32:41 Bodkin Arrow
32:47 Scale Mail Armor
41:20 Imperial Age
42:38 Cavalier
42:48 Elite Battle Elephant
46:04 Cavalier
52:52 Iron Casting
52:37 Chain Barding Armor
apetresc
13:12 Feudal Age
13:19 Man-at-Arms
15:17 Gold Mining
22:18 Arson
22:59 Double-Bit Axe
25:16 Stone Mining
28:28 Castle Age
28:44 Forging
29:58 Crossbowman
31:27 Bow Saw
31:56 Wheelbarrow
32:02 Scale Mail Armor
31:54 Long Swordsman
36:24 Iron Casting
35:56 Scale Barding Armor
39:01 Gold Shaft Mining
38:57 Caravan
39:02 Squires
39:25 Hand Cart
41:22 Chain Barding Armor
41:08 Husbandry
44:41 Chain Mail Armor
44:21 Gambesons
47:34 Imperial Age
44:55 Loom
47:32 #83
47:38 Capped Ram
48:23 Elite Throwing Axeman
48:52 Cavalier
49:59 Two-Handed Swordsman
51:44 Paladin
Æthelred
11:23 Feudal Age
12:14 Double-Bit Axe
12:11 Horse Collar
20:42 Man-at-Arms
25:09 Castle Age
31:57 Gold Mining
FrankoDerz!
0:30 Loom
9:51 Feudal Age
22:47 Castle Age
38:11 Fletching
38:21 Padded Archer Armor
ABSENT007
2:23 Loom
11:16 Feudal Age
11:57 Horse Collar
13:45 Wheelbarrow
13:37 Double-Bit Axe
14:38 Gold Mining
18:26 Stone Mining
22:41 Scale Barding Armor
22:46 Forging
25:21 Bloodlines
28:45 Castle Age
30:07 Gold Shaft Mining
29:36 Heavy Plow
29:43 Husbandry
32:10 Hand Cart
35:07 Imperial Age
35:04 Marauders
35:31 Chain Barding Armor
35:22 Forging
37:29 Bow Saw
Connection lost

Rejoining the realm…

Still unreachable

The connection could not be restored.

Session expired

The server has moved on; the page needs a fresh start.